 Dungeon Crawl Stone Soup version bcrawl-1.37.2 (webtiles) character file.

Game seed: 7573337632412478718

458988 Mrkan the Thrower (level 10, -6/102 HPs)
             Began as a Troll Hunter on Jan 4, 2023.
             Was a Priest of Kikubaaqudgha.
             Mangled by a catoblepas (18 damage)
             ... on level 8 of the Dungeon.
             The game lasted 00:18:23 (6149 turns).

Mrkan the Thrower (Troll Hunter)                    Turns: 6149, Time: 00:18:23

Health: -6/102     AC: 11    Str: 25    XL:     10   Next: 74%
Magic:  9/9        EV:  9    Int:  8    God:    Kikubaaqudgha [***...]
Gold:   421        SH:  0    Dex: 10    Spells: 9/9 levels left

rFire    . . .     GDR:     26%   - Claws (27.2)
rCold    . . .     SeeInvis .   (no shield)
rNeg     . . .     Gourm    +   (armour unavailable)
rPois    .         Faith    .   (helmet restricted)
rElec    .         Spirit   .   d - +2 cloak {MR+}
rCorr    .         Reflect  .   (gloves unavailable)
MR       +....                  (boots unavailable)
Stlth    +.........             m - amulet of regeneration
HPRegen  0.94/turn              (no ring)
MPRegen  0.11/turn              (no ring)

@: studying Throwing, drained
A: large, almost no armour, claws 3, fast metabolism 3, gourmand, regeneration
1, AC +8
a: Receive Corpses, Renounce Religion


You were on level 8 of the Dungeon.
You worshipped Kikubaaqudgha.
Kikubaaqudgha was most pleased with you.
You were completely stuffed.

You visited 1 branch of the dungeon, and saw 8 of its levels.

You collected 421 gold pieces.

Inventory:

Missiles
 b - 159 large rocks (quivered)
 c - 2 throwing nets {=f}
Armour
 d - a +2 cloak of magic resistance (worn)
Jewellery
 k - an uncursed amulet of rage
 m - an amulet of regeneration (around neck)
Wands
 q - a wand of acid (9)
 s - a wand of polymorph (2)
 w - a wand of flame (11)
Scrolls
 a - 2 scrolls of remove curse
 g - a scroll of blinking
 h - 2 scrolls of magic mapping
 i - a scroll of identify
 l - 5 scrolls of teleportation
 r - a scroll of amnesia {unknown}
 x - a scroll of noise {unknown}
Potions
 f - a potion of curing
 j - a potion of ambrosia {unknown}
 n - 2 potions of berserk rage {unknown}
 o - 2 potions of mutation
 p - 3 potions of lignification
 t - a potion of degeneration {unknown}
 u - a potion of resistance
 z - a potion of magic {unknown}
Comestibles
 e - 10 rations {!d}
 v - a chunk of flesh


   Skills:
 + Level 7.4(6.6) Fighting
 * Level 12.1(11.3) Throwing
 - Level 1.5(0.9) Dodging
 - Level 0.4(0.0) Stealth
 - Level 9.1(8.3) Unarmed Combat
 - Level 5.5(4.7) Necromancy


You had 9 spell levels left.
You didn't know any spells.
Your spell library contained the following spells:

 Spells                   Type           Power        Failure   Level  Hunger
 Necrotize                Necr           #.....       6%          1    None
 Corpse Rot               Necr           N/A          10%         2    ####...
 Sublimation of Blood     Necr           #.........   10%         2    ####...
 Vampiric Draining        Necr           #.........   19%         3    #####..
 Corona                   Hex            #......      41%         1    None
 Agony                    Necr           #.......     52%         4    ######.
 Animate Dead             Necr           N/A          52%         4    ######.
 Shackle                  Hex            #.......     54%         2    ####...
 False Image              Hex/Summ       #.......     78%         3    #####..
 Inner Flame              Hex/Fire       N/A          78%         3    #####..
 Dispel Undead            Necr           #.......     86%         5    #######
 Cause Fear               Hex            #.........   99%         4    ######.
 Yara's Violent Unravell  Hex/Tmut       #.........   99%         4    ######.
 Death Channel            Chrm/Necr      #.........   100%        6    #######


Dungeon Overview and Level Annotations

Branches:
Dungeon (8/12)             Temple (0/1) D:4
   Lair: D:7-9          Orc: D:8-11

Altars:
Cheibriados
Kikubaaqudgha
Lugonu
Sif Muna
Zin
The Shining One

Shops:
D:8 }

Annotations:
D:6 1 runed translucent door, foxfromabyss's ghost, novice GnSA
D:7 2 transporters


Innate Abilities, Weirdness & Mutations

You cannot wear most types of armour.
Your thick skin is tough. (AC +8)
You are too large for most types of armour.
You have claws for hands.
Your metabolism is lightning-fast.
You like to eat raw meat.
Your natural rate of healing is unusually fast.


Message History

* * * LOW HITPOINT WARNING * * *
The catoblepas gores you but does no damage.
The catoblepas gores you!!
* * * LOW HITPOINT WARNING * * *
The catoblepas gores you but does no damage.
The catoblepas smashes its foot into the ground.
The catoblepas gores you but does no damage.
The catoblepas gores you.
You turn to flesh and can move again.
The catoblepas breathes a plume of calcifying dust at you.
The blast of calcifying dust hits you.
* * * LOW HITPOINT WARNING * * *
Unknown command.
Unknown command.
You feel better.
You are engulfed in calcifying dust.
You barely miss the catoblepas.
The catoblepas is lightly wounded.
You are engulfed in calcifying dust.
The catoblepas gores you!!
You die...
Kikubaaqudgha rasps: "You have failed me!
Welcome... death!"

####.# #.# #..
#....# #.#####.##
##.######.#....
#.#....#.....
##.#......#.#
#...........# #
####.####.#.# .#
#Y####.# .#
#@##...# ..#
#§##.######..#
#§##))....§§.###.
#..)......##.....
#########.#§§....
#...# # #####


You could see a catoblepas.

Vanquished Creatures
  A hydra (D:8)
  Pikel (D:7)
  An orc knight (D:8)
  2 trolls
  A hippogriff (D:8)
  Grum (D:8)
  Sigmund (D:2)
  Menkaure (D:5)
  2 hungry ghosts (D:6)
  Duvessa (D:5)
  An orc warrior (D:6)
  A slave (D:7)
  A sky beast (D:6)
  A hornet zombie (D:7)
  A phantom (D:5)
  An ice beast (D:7)
  2 black bears (D:7)
  6 ogres
  2 wolves (D:8)
  4 bullfrogs
  3 centaurs
  2 scorpions (D:7)
  5 killer bees
  8 wights
  3 vampire bats (D:3)
  2 howler monkeys
  4 orc priests
  A crimson imp (D:4)
  3 hounds
  A jelly (D:7)
  A bullfrog skeleton (D:5)
  2 iguanas
  Ijyb (D:4)
  4 orc wizards
  8 worker ants
  A hound zombie (D:7)
  A hound skeleton (D:6)
  4 worker ant zombies
  Robin (D:3)
  9 adders
  3 oozes
  An adder zombie (D:3)
  6 worms
  4 dart slugs
  3 leopard geckos
  35 orcs
  2 bat skeletons (D:3)
  3 bat zombies (D:3)
  5 giant cockroaches
  15 goblins
  14 hobgoblins
  5 jackals
  3 quokkas
  A ball python (D:2)
  4 bats
  5 frilled lizards
  A goblin skeleton (D:4)
  A hobgoblin zombie (D:4)
  13 kobolds
  A kobold skeleton (D:4)
  A kobold zombie (D:4)
  An orc zombie (D:4)
  6 rats
229 creatures vanquished.

Vanquished Creatures (others)
  An adder (D:7)
1 creature vanquished.

Grand Total: 230 creatures vanquished

Notes
Turn   | Place    | Note
-------+----------+-------------------------------------------
     0 | D:1      | Mrkan the Troll Hunter began the quest for the Orb.
     0 | D:1      | Reached XP level 1. HP: 19/19 MP: 0/0
    84 | D:1      | Reached skill level 1 in Unarmed Combat
   189 | D:1      | Reached XP level 2. HP: 26/27 MP: 1/1
   800 | D:1      | Reached XP level 3. HP: 33/33 MP: 2/2
  1059 | D:2      | Noticed Sigmund
  1079 | D:2      | Killed Sigmund
  1080 | D:2      | Reached skill level 5 in Unarmed Combat
  1080 | D:2      | Gained mutation: Your natural rate of healing is unusually
                  | fast. [Troll growth]
  1080 | D:2      | Reached XP level 4. HP: 15/41 MP: 3/3
  1080 | D:2      | Reached XP level 5. HP: 17/48 MP: 4/4
  1823 | D:3      | Noticed an ogre
  1829 | D:3      | Killed an ogre
  1830 | D:3      | Reached XP level 6. HP: 13/55 MP: 5/5
  2217 | D:3      | Noticed Robin
  2224 | D:3      | Killed Robin
  2368 | D:3      | Found an ancient bone altar of Kikubaaqudgha.
  2386 | D:3      | Reached XP level 7. HP: 55/62 MP: 6/6
  2394 | D:3      | Became a worshipper of Kikubaaqudgha
  2592 | D:4      | Found a glowing golden altar of the Shining One.
  2889 | D:4      | Found a staircase to the Ecumenical Temple.
  3053 | D:4      | Noticed Ijyb
  3077 | D:4      | Killed Ijyb
  3111 | D:4      | Found a corrupted altar of Lugonu.
  3125 | D:4      | Found a glowing silver altar of Zin.
  3510 | D:5      | Entered Level 5 of the Dungeon
  3569 | D:5      | Reached skill level 1 in Necromancy
  3569 | D:5      | Reached XP level 8. HP: 72/72 MP: 7/7
  3693 | D:5      | Noticed Menkaure
  3698 | D:5      | Killed Menkaure
  3702 | D:5      | Found a snail-covered altar of Cheibriados.
  3711 | D:5      | Reached * piety under Kikubaaqudgha
  3711 | D:5      | Identified Kikubaaqudgha's Compendium of Dark Arts
                  | (Kikubaaqudgha gifted it to you on level 5 of the Dungeon)
  3711 | D:5      | Received a gift from Kikubaaqudgha
  4018 | D:5      | Noticed Duvessa
  4025 | D:5      | Killed Duvessa
  4349 | D:6      | Reached skill level 5 in Necromancy
  4349 | D:6      | Reached XP level 9. HP: 28/85 MP: 8/8
  4545 | D:6      | Reached ** piety under Kikubaaqudgha
  4546 | D:6      | Reached skill level 5 in Fighting
  4546 | D:6      | Reached skill level 4 in Throwing
  4563 | D:6      | Found a runed translucent door.
  4575 | D:6      | Noticed foxfromabyss's ghost (novice GnSA)
  4639 | D:6      | Reached skill level 5 in Throwing
  4828 | D:6      | Reached skill level 6 in Throwing
  4986 | D:7      | Reached skill level 7 in Throwing
  5017 | D:7      | Noticed a troll
  5027 | D:7      | Killed a troll
  5028 | D:7      | Reached skill level 8 in Throwing
  5041 | D:7      | Found a snail-covered altar of Cheibriados.
  5075 | D:7      | Noticed Pikel
  5087 | D:7      | Killed Pikel
  5088 | D:7      | Reached skill level 9 in Throwing
  5088 | D:7      | Reached XP level 10. HP: 94/98 MP: 9/9
  5206 | D:7      | Found a shimmering blue altar of Sif Muna.
  5208 | D:7      | Noticed a centaur warrior
  5208 | D:7      | Noticed a deep elf knight
  5568 | D:7      | Reached skill level 10 in Throwing
  5636 | D:7      | Found a transporter.
  5642 | D:7      | Found a transporter.
  5668 | D:7      | Reached *** piety under Kikubaaqudgha
  5668 | D:7      | Identified Kikubaaqudgha's Handbook of Dark Arts
                  | (Kikubaaqudgha gifted it to you on level 7 of the Dungeon)
  5668 | D:7      | Received a gift from Kikubaaqudgha
  5813 | D:8      | Found Emirik's Gadget Shop.
  5889 | D:8      | Noticed an orc knight
  5894 | D:8      | Killed an orc knight
  5910 | D:8      | Noticed Grum
  5924 | D:8      | Reached skill level 11 in Throwing
  5932 | D:8      | Noticed a two-headed hydra
  6012 | D:8      | Killed Grum
  6027 | D:8      | Killed a two-headed hydra
  6028 | D:8      | Reached skill level 12 in Throwing
  6098 | D:8      | Noticed a catoblepas
  6143 | D:8      | HP: 2/102 [catoblepas (11)]
  6149 | D:8      | Mangled by a catoblepas

Skill      XL: |  1  2  3  4  5  6  7  8  9 10 |
---------------+-------------------------------+-----
Unarmed Combat | 1 2 5 6 7 9 |  9.1
Fighting       | 2 4 6 7 |  7.4
Necromancy     | 1 5 |  5.5
Throwing       | 9 12 | 12.1
Dodging        | |  1.5
Stealth        | |  0.4

Action                   |  1- 3 |  4- 6 |  7- 9 | 10-12 || total
-------------------------+-------+-------+-------+-------++-------
Melee: Unarmed           |    75 |   195 |   295 |   128 ||   693
       Short sword       |     2 |       |       |       ||     2
       Punch             |       |     6 |     9 |     4 ||    19
Throw: Large rock        |       |       |       |     7 ||     7
  Use: Scroll            |       |       |    13 |       ||    13
       Potion            |       |       |       |     3 ||     3
 Stab: Sleeping          |     2 |     1 |       |       ||     3
  Eat: Chunk             |     8 |    17 |    31 |     9 ||    65
       Ration            |       |       |     2 |       ||     2
Armor: Skin              |    20 |   104 |   111 |    55 ||   290
Dodge: Dodged            |    29 |   103 |    95 |    62 ||   289
